 Dungeon Crawl Stone Soup version 0.30.1-11-g7821555f0a (webtiles) character file.

Game seed: 10033734204464383338

177 leafyfresh the Chiller (level 5, -3/37 HPs)
             Began as a Barachi Ice Elementalist on Nov 16, 2023.
             Slain by Grinder (6 damage)
             ... on level 4 of the Dungeon.
             The game lasted 00:06:56 (3207 turns).

leafyfresh the Chiller (Barachi Ice Elementalist)   Turns: 3207, Time: 00:06:56

Health: -3/37      AC: 10    Str:  9    XL:     5   Next: 57%
Magic:  1/9        EV: 13    Int: 17    God:
Gold:   137        SH:  0    Dex: 19    Spells: 2/9 levels left

rFire   . . .        k - +0 club
rCold   . . .        (no shield)
rNeg    . . .        a - +0 robe
rPois   .            (no helmet)
rElec   .            (no cloak)
rCorr   +            h - +0 pair of gloves
SInv    .            (no boots)
Will    .....        (no amulet)
Stlth   ++           p - ring of resist corrosion
HPRegen 0.26/turn    o - +6 ring of dexterity
MPRegen 0.11/turn

%: no passive effects
@: ice-armoured, freezing walls, attractive, slow
A: amphibious, slowness 1, strong legs 1, +LOS
a: Hop


You were on level 4 of the Dungeon.
You visited 1 branch of the dungeon, and saw 4 of its levels.

You collected 137 gold pieces.

Inventory:

Hand Weapons
 k - a +0 club (weapon)
 u - a +0 sling
 B - a +0 arbalest
Missiles
 d - 4 atropa-tipped darts
 x - 3 datura-tipped darts
 y - a throwing net
 C - 5 silver boomerangs
Armour
 a - a +0 robe (worn)
 h - a +0 pair of gloves (worn)
 t - a +1 buckler
Jewellery
 f - an amulet of guardian spirit
 g - a ring of fire
 o - a +6 ring of dexterity (right hand)
 p - a ring of resist corrosion (left hand)
Scrolls
 c - 2 scrolls of immolation
 i - 3 scrolls of blinking
 l - 2 scrolls of noise
 n - a scroll of fog
 q - a scroll of enchant weapon
 w - a scroll of magic mapping {unknown}
 A - a scroll of teleportation {unknown}
Potions
 b - 2 potions of magic
 m - 2 potions of attraction
 r - 2 potions of cancellation {unknown}
 s - a potion of curing {unknown}
 v - a potion of invisibility {unknown}
 z - 2 potions of flight {unknown}


   Skills:
 + Level 1.5 Fighting
 + Level 2.8 Dodging
 - Level 1.7 Stealth
 + Level 2.7 Spellcasting
 - Level 7.2 Ice Magic


You had 2 spell levels left.
You knew the following spells:

 Your Spells              Type           Power      Damage    Failure   Level
a - Freeze                Ice            100%       1d10      1%          1
b - Frozen Ramparts       Ice            54%        1d9       2%          3
c - Ozocubu's Armour      Ice            27%        N/A       2%          3

Your spell library contained the following spells:

 Spells                   Type           Power      Damage    Failure   Level
 Ice Form                 Ice/Tmut       14%        N/A       38%         4
 Summon Ice Beast         Ice/Summ       14%        N/A       38%         4


Dungeon Overview and Level Annotations

Branches:
Dungeon (4/15)
 Temple: D:4-7

Altars:

Shops:
D:3 [

Annotations:
D:3 3 runed translucent doors, Azazsd's ghost, amateur DsCK; Vivialdi's ghost, amateur MiBe
D:4 Grinder


Innate Abilities, Weirdness & Mutations

You are amphibious.
You cover ground slowly.
You can hop short distances.
You have an extended range of vision and can be seen from far away.


Message History

The hobgoblin barely misses you.
Unknown command.
Unknown command.
Casting: Frozen Ramparts (dangerous; 2% risk of failure)
Confirm with . or Enter, or press ? or * to list all spells.
Aiming: Freeze (safe; 1% risk of failure)
Press: ? - help, Shift-Dir - straight line, f - Grinder
Aim: Grinder (heavily wounded)
You freeze Grinder but do no damage.
Grinder completely resists.
The wall freezes the hobgoblin.
You kill the hobgoblin!
Grinder resists.
The wall freezes Grinder.
Grinder hits you.
* * * LOW HITPOINT WARNING * * *
Casting: Freeze (safe; 1% risk of failure)
Confirm with . or Enter, or press ? or * to list all spells.
You don't have enough magic to cast this spell.
Unknown command.
Unknown command.
Casting: Freeze (safe; 1% risk of failure)
Confirm with . or Enter, or press ? or * to list all spells.
You don't have enough magic to cast this spell.
Unknown command.
Unknown command.
k - a +0 club (weapon)
You hit Grinder.
Grinder is heavily wounded.
Grinder completely resists.
The wall freezes Grinder but does no damage.
Grinder drinks a potion.
Grinder is healed!
You hit Grinder.
Grinder is lightly wounded.
Grinder resists.
The wall freezes Grinder.
Grinder closely misses you.
Grinder resists.
The wall freezes Grinder.
Grinder gestures at you. Pain shoots through your body!
* * * LOW HITPOINT WARNING * * *
It was a potion of attraction.
You feel attractive to monsters.
Grinder resists.
The wall freezes Grinder.
Grinder hits you.
You die...

... ... #.# ####
# ##.##...# #.
#.......# # #..
#......##... #...
#.)......(..
#....#5.<........
#....@..........
################


You could see Grinder.

Vanquished Creatures
  6 gnolls
  4 adders
  2 worms
  3 dart slugs
  An orc (D:3)
  6 bats
  4 endoplasms
  5 giant cockroaches
  5 hobgoblins
  2 jackals (D:1)
  5 quokkas
  3 ball pythons
  5 frilled lizards
  9 goblins
  7 kobolds
  4 rats
71 creatures vanquished.

Notes
Turn   | Place    | Note
-------+----------+-------------------------------------------
     0 | D:1      | leafyfresh the Barachi Ice Elementalist began the quest for
                  | the Orb.
     0 | D:1      | Reached XP level 1. HP: 13/13 MP: 3/3
    85 | D:1      | Reached skill level 5 in Ice Magic
   235 | D:1      | Reached XP level 2. HP: 18/19 MP: 1/5
   678 | D:1      | Reached XP level 3. HP: 24/24 MP: 0/6
   738 | D:1      | Learned a level 3 spell: Frozen Ramparts
   780 | D:1      | Reached skill level 6 in Ice Magic
  1048 | D:2      | Reached XP level 4. HP: 25/30 MP: 3/7
  1462 | D:2      | Reached skill level 7 in Ice Magic
  2217 | D:3      | Found Xunolaw's Armour Shoppe.
  2277 | D:3      | Found a faded altar of an unknown god.
  2326 | D:3      | Learned a level 3 spell: Ozocubu's Armour
  2436 | D:3      | Found a runed translucent gate.
  2436 | D:3      | Found a runed translucent gate.
  2436 | D:3      | Found a runed translucent gate.
  2440 | D:3      | Noticed Vivialdi's ghost (amateur MiBe)
  2440 | D:3      | Noticed Azazsd's ghost (amateur DsCK)
  2590 | D:3      | Reached XP level 5. HP: 29/36 MP: 8/8
  2635 | D:3      | Reached skill level 1 in Fighting
  3188 | D:4      | Noticed Grinder
  3190 | D:4      | Paralysed by Grinder for 5 turns
  3198 | D:4      | Paralysed by Grinder for 4 turns
  3207 | D:4      | Slain by Grinder

Illustrated notes

Levels and vault maps discovered:
D:1:      minmay_arrival_cross, layout_loops_ring
D:2:      layout_loops_ring
D:3:      cheibrodos_old_hovel, layout_basic,
          shapermc_ecumenical_altar_starsandcircs, gammafunk_ghost_cemetery,
          serial_shops, shop_statue
D:4:      minmay_spotlight, layout_gridville, mainiacjoe_overflow_24_doors,
          kennysheep_little_box, minmay_temple_entry_poolview,
          minmay_misc_feat_tiny, uniq_grinder, uniq_natasha

Skill      XL: |  1  2  3  4  5 |
---------------+----------------+-----
Ice Magic      | 5 6 7 |  7.2
Fighting       | 1 |  1.5
Dodging        | |  2.8
Stealth        | |  1.7
Spellcasting   | |  2.7

Action                     |  1- 3 |  4- 6 || total
---------------------------+-------+-------++-------
  Melee: Unarmed           |    13 |       ||    13
         Club              |    17 |    56 ||    73
         Punch             |       |     1 ||     1
   Fire: Sling             |       |    74 ||    74
   Cast: Freeze            |    27 |     1 ||    28
         Frozen Ramparts   |     4 |    13 ||    17
         Ozocubu's Armour  |       |     1 ||     1
    Use: Scroll            |       |     6 ||     6
         Potion            |       |     1 ||     1
   Stab: Sleeping          |     2 |       ||     2
 Armour: Robe              |    20 |    26 ||    46
  Dodge: Dodged            |    37 |    66 ||   103
